 Dungeon Crawl Stone Soup version 0.25-a0-56-g68f8618 (webtiles) character file.

Game seed: 5851056987104133247, levelgen mode: deterministic

5369 BoppinsLewinski the Spear-Bearer (level 10, -9/64 HPs)
             Began as a Gargoyle Gladiator on Oct 25, 2019.
             Was a Priest of Wu Jian.
             Splashed by Maurice's acid (14 damage)
             ... on level 8 of the Dungeon.
             The game lasted 00:28:55 (8956 turns).

BoppinsLewinski the Spear-Bearer (GrGl)             Turns: 8956, Time: 00:28:56

Health: -9/64      AC: 16    Str: 24    XL:     10   Next: 65%
Magic:  10/10      EV: 10    Int:  9    God:    Wu Jian [***...]
Gold:   456        SH:  0    Dex: 16    Spells: 9/9 levels left

rFire    . . .     SeeInvis .   F - +0 halberd
rCold    . . .     Gourm    .   (shield currently unavailable)
rNeg     + . .     Faith    .   A - +0 plate armour
rPois    ∞         Spirit   .   c - +0 helmet
rElec    +         Reflect  .   g - +0 cloak
rCorr    .         Harm     .   e - +1 pair of gloves
MR       .....                  z - +2 pair of boots
Stlth    ..........             (no amulet)
HPRegen  0.20/turn              t - +4 ring of strength
MPRegen  0.12/turn              B - +4 ring of dexterity

@: corroded
A: negative energy resistance 1, electricity resistance, unbreathing,
petrification resistance, rot immunity, AC +7
a: Wall Jump, Serpent's Lash, Renounce Religion


You were on level 8 of the Dungeon.
You worshipped Wu Jian.
Wu Jian was most pleased with you.
You were not hungry.

You visited 2 branches of the dungeon, and saw 9 of its levels.
You also visited: Ossuary.

You collected 456 gold pieces.

Inventory:

Hand Weapons
 F - a +0 halberd (weapon)
Armour
 c - a +0 helmet (worn)
 e - a +1 pair of gloves (worn)
 g - a +0 cloak (worn)
 q - a scarf of resistance
 z - a +2 pair of boots (worn)
 A - a +0 plate armour (worn)
Jewellery
 d - an uncursed ring of positive energy
 t - a +4 ring of strength (left hand)
 u - an uncursed amulet of the gourmand
 B - a +4 ring of dexterity (right hand)
Wands
 p - a wand of flame (29)
 y - a wand of random effects (30)
 H - a wand of polymorph (1)
Scrolls
 b - 2 scrolls of enchant weapon
 h - 2 scrolls of blinking
 k - a scroll of teleportation
 l - a scroll of magic mapping
 n - 2 scrolls of random uselessness {unknown}
 o - 5 scrolls of amnesia {unknown}
 r - a scroll of fog
 s - 2 scrolls of remove curse
 v - a scroll of fear
 C - a scroll of brand weapon {unknown}
 G - 4 scrolls of identify
Potions
 i - 5 potions of heal wounds
 m - 2 potions of magic
 w - 2 potions of haste
 x - 2 potions of mutation
 E - 3 potions of might {unknown}
Comestibles
 f - 3 rations


   Skills:
 + Level 7.9 Fighting
 * Level 9.5 Polearms
 - Level 1.7 Throwing
 + Level 7.5 Armour
 + Level 6.2 Dodging


You had 9 spell levels left.
You didn't know any spells.
Your spell library contained the following spells:

 Spells                   Type           Power        Failure   Level  Hunger
 Sandblast                Erth           #.....       99%         1    ##.....
 Passwall                 Tmut/Erth      #.......     100%        2    ###....
 Stone Arrow              Conj/Erth      #.....       100%        3    ####...
 Petrify                  Tmut/Erth      #.......     100%        4    #####..
 Lee's Rapid Deconstruct  Erth           #.........   100%        5    ######.


Dungeon Overview and Level Annotations

Branches:
Dungeon (8/15)             Temple (1/1) D:4         Ossuary (visited)
   Lair: D:8-11

Altars:
Ashenzari
Cheibriados
Dithmenos
Elyvilon
Fedhas
Gozag
Hepliaklqana
Kikubaaqudgha
Makhleb
Nemelex Xobeh
Okawaru
Qazlal
Ru
Sif Muna
Trog
Uskayaw
Vehumet
Wu Jian
Xom
Yredelemnul
The Shining One
Jiyva

Shops:
D:4 !

Annotations:
D:4 2 transporters, idiolect's ghost, amateur KoAs
D:8 Maurice


Innate Abilities, Weirdness & Mutations

You are resistant to torment.
Your stone body is resilient. (AC +7)
You are immune to poison.
You resist negative energy. (rN+)
You are resistant to electric shocks. (rElec)
You can survive without breathing.
You are immune to petrification.
You are immune to rotting.


Message History

Tha scorpion be almost dead.
Tha scorpion barely misses ye.
Somethin' hits ye but does nay damage.
Unknown command.
Ye closely miss tha scorpion.
Tha scorpion be almost dead.
Tha scorpion stin's ye but does nay damage.
Ye hear a zap.
A bolt o' acid appears from outta thin air!
Tha bolt o' acid hits ye!
* * * LOW HITPOINT WARNIN'
* * * Tha acid corrodes ye!
Ye be splashed wit' acid!
* * * LOW HITPOINT WARNIN'
* * * Ye feel much better.
Tha scorpion stin's ye but does nay damage.
Ye hear a zap.
A bolt o' acid appears from outta thin air!
Tha bolt o' acid hits ye!!
* * * LOW HITPOINT WARNIN'
* * * Ye be splashed wit' acid!
Ye die...

.# *,* *,,,* .# *,* #...# .#
*,* #...# .# *,* #...# .#
*,* #...# .# *,*
#...########### .#
*,*#####.............# .#
*,,.......s{########.# .#
*****####.@..# #.#
.#######******#....# #.#
o.......,,,,,......#***
##.######
.######.,,,*#####....,*
#........
.....)#,,,,,,,,,#.....*
#..######
......#,,,,,,,,,#.....# #..#
......#,,,,,,,,,*....####..#
......#,,,,,,,,,*.......<..#
.#....#,,,,,,,,,*....####.##


You could see a scorpion.

Vanquished Creatures
  Joseph (D:7)
  An efreet (D:8)
  A troll (D:7)
  Grinder (D:6)
  A hippogriff (D:7)
  6 humans (D:7)
  Eustachio (D:5)
  Grum (D:8)
  A hungry ghost (D:8)
  Edmund (D:6)
  An ice beast (D:5)
  2 orc warriors
  A phantom (D:4)
  A necrophage (D:5)
  3 wolves (D:8)
  4 centaurs
  Blork the orc (D:6)
  A bullfrog (D:5)
  A gnoll sergeant (D:7)
  A water moccasin zombie (D:7)
  A water moccasin skeleton (D:7)
  A scorpion (D:7)
  A howler monkey (D:3)
  4 crimson imps
  A centaur zombie (D:7)
  8 orc wizards
  4 hounds
  2 orc priests
  Crazy Yiuf (D:6)
  A bullfrog skeleton (D:6)
  A centaur skeleton (D:6)
  3 iguanas
  2 worker ants (D:7)
  A killer bee zombie (D:7)
  A hound zombie (D:6)
  13 mummies
  9 gnolls (D:7)
  13 adders
  A shadow imp (D:7)
  2 adder zombies (D:6)
  An adder skeleton (D:4)
  2 worms
  5 dart slugs
  3 leopard geckos
  28 orcs
  A ball python (D:3)
  8 bats
  6 giant cockroaches
  8 goblins
  11 hobgoblins
  12 jackals
  5 quokkas
  10 frilled lizards
  3 gnoll skeletons (Ossuary)
  2 goblin skeletons (Ossuary)
  11 kobolds
  A kobold skeleton (Ossuary)
  2 orc skeletons (Ossuary)
  A quokka skeleton (D:4)
  9 rats
  11 rat skeletons (Ossuary)
241 creatures vanquished.

Vanquished Creatures (others)
  A sky beast (D:7)
1 creature vanquished.

Grand Total: 242 creatures vanquished

Notes
Turn   | Place    | Note
-------+----------+-------------------------------------------
     0 | D:1      | BoppinsLewinski the Gargoyle Gladiator began the quest for
                  | the Orb.
     0 | D:1      | Reached XP level 1. HP: 12/12 MP: 1/1
   160 | D:1      | Reached XP level 2. HP: 14/18 MP: 2/2
   168 | D:1      | Reached skill level 3 in Polearms
   317 | D:1      | Found a sparkling altar of Nemelex Xobeh.
   605 | D:1      | Reached skill level 1 in Armour
   638 | D:1      | Reached XP level 3. HP: 22/22 MP: 3/3
  1204 | D:2      | Found a faded altar of an unknown god.
  1472 | D:2      | Reached XP level 4. HP: 27/27 MP: 4/4
  2567 | D:3      | Reached XP level 5. HP: 32/32 MP: 5/5
  2697 | D:2      | Reached skill level 4 in Polearms
  3182 | D:3      | Found an iron altar of Okawaru.
  3223 | D:3      | Reached XP level 6. HP: 36/37 MP: 6/6
  4267 | D:4      | Found Efragelo's Distillery.
  4277 | D:4      | Noticed a phantom
  4302 | D:4      | Killed a phantom
  4302 | D:4      | Reached skill level 5 in Polearms
  4302 | D:4      | Reached XP level 7. HP: 43/43 MP: 7/7
  4420 | D:4      | Found a staircase to the Ecumenical Temple.
  4432 | Temple   | Entered the Ecumenical Temple
  4479 | Temple   | Became a worshipper of the Wu Jian Council
  4552 | D:4      | Found a transporter.
  4552 | D:4      | Noticed idiolect's ghost (amateur KoAs)
  4560 | D:4      | Found a transporter.
  4818 | D:5      | Entered Level 5 of the Dungeon
  4885 | D:5      | Found a sacrificial altar of Ru.
  4947 | D:5      | Noticed Eustachio
  5052 | D:5      | Killed Eustachio
  5493 | D:5      | Reached XP level 8. HP: 46/48 MP: 8/8
  5556 | D:5      | Reached skill level 6 in Polearms
  5640 | D:5      | Reached skill level 5 in Fighting
  5790 | D:5      | Found a glowing golden altar of the Shining One.
  6209 | D:6      | Noticed Edmund
  6237 | D:6      | Killed Edmund
  6266 | D:6      | Noticed Blork the orc
  6274 | D:6      | Killed Blork the orc
  6274 | D:6      | Reached * piety under Wu Jian
  6288 | D:6      | Found a blossoming altar of Fedhas.
  6300 | D:6      | Reached skill level 5 in Armour
  6304 | D:6      | Found an ancient bone altar of Kikubaaqudgha.
  6345 | D:6      | Noticed Grinder
  6372 | D:6      | Reached skill level 7 in Polearms
  6372 | D:6      | Reached XP level 9. HP: 51/55 MP: 9/9
  6384 | D:6      | Killed Grinder
  6444 | D:6      | Found a shattered altar of Ashenzari.
  6515 | D:6      | Reached skill level 5 in Dodging
  6878 | D:6      | Found a runed translucent door.
  6879 | D:6      | Noticed Crazy Yiuf
  6884 | D:6      | Killed Crazy Yiuf
  7100 | D:7      | Reached ** piety under Wu Jian
  7277 | D:7      | Found a radiant altar of Vehumet.
  7322 | D:7      | Reached skill level 8 in Polearms
  7362 | D:7      | Found a hide-covered altar of Uskayaw.
  7438 | D:7      | Reached XP level 10. HP: 60/63 MP: 10/10
  7599 | D:7      | Noticed Joseph
  7617 | D:7      | Killed Joseph
  7617 | D:7      | Reached skill level 9 in Polearms
  7714 | D:7      | Found a bloodstained altar of Trog.
  8094 | D:8      | Found a sand-covered staircase.
  8105 | Ossuary  | Entered an ossuary
  8111 | Ossuary  | Reached *** piety under Wu Jian
  8396 | D:8      | Found a hazy altar of Hepliaklqana.
  8414 | D:8      | Noticed Grum
  8499 | D:8      | Killed Grum
  8557 | D:8      | Found a hazy altar of Hepliaklqana.
  8948 | D:8      | Noticed Maurice
  8955 | D:8      | HP: 2/64 [acid (16)]
  8956 | D:8      | Splashed by Maurice's acid

Levels and vault maps discovered:
D:1:      beargit_arrival_greenhouse, layout_basic, minivault_14,
          nemelex_altar_shiori
D:2:      layout_loops_corners, chequers_ecumenical_altar_simple_redux,
          minmay_quantized
D:3:      layout_basic, lemuel_coloured_pillars_altar, minmay_pentangle
D:4:      layout_basic, minmay_temple_entry_proselytizer, serial_shops,
          nicolae_shop_temple_entry_statues_fountains, first_ration,
          gammafunk_ghost_arena, lightli_corner_chamber
D:5:      layout_loops_ring, marbit_many_paths,
          nicolae_ru_great_annihilating_truth, grunt_ministairs_11,
          uniq_eustachio
D:6:      layout_basic, grunt_temple_overflow_growth_and_decay,
          lemuel_round_altar, uniq_grinder, uniq_crazy_yiuf_cottage,
          uniq_edmund, uniq_blork_the_orc
D:7:      layout_basic, bloody_trog, old_standard_altar, vehumet_altar_wand_db,
          minmay_ruffians, uniq_joseph
D:8:      minmay_cut_squares, layout_loops_ring, kennysheep_mini, basic_altar,
          gup_ossuary_entry_pyramid, the_bakery, minmay_manual_moon,
          uniq_maurice, uniq_grum, uniq_prince_ribbit1
Temple:   pf_slimified_temple

Table legend:
 A = Non-vault XP
 B = Vault XP
 C = Vault XP percentage of total XP
 D = Non-vault monster count
 E = Vault monster count
 F = Vault count percentage of total count
                 A         B        C        D         E       F
            +---------+---------+-------+---------+---------+-------
      Total |    3251 |    4419 |  57.6 |     169 |      73 |  30.2
            +---------+---------+-------+---------+---------+-------
        D:1 |      36 |       0 |   0.0 |      18 |       0 |   0.0
        D:2 |     106 |       4 |   3.6 |      23 |       3 |  11.5
        D:3 |     298 |      44 |  12.9 |      45 |      10 |  18.2
        D:4 |     248 |      43 |  14.8 |      13 |       1 |   7.1
        D:5 |     697 |     310 |  30.8 |      12 |       6 |  33.3
        D:6 |     736 |     575 |  43.9 |      27 |       4 |  12.9
        D:7 |    1127 |    1968 |  63.6 |      30 |       9 |  23.1
        D:8 |       3 |    1251 |  99.8 |       1 |       9 |  90.0
    Ossuary |       0 |     224 | 100.0 |       0 |      31 | 100.0
            +---------+---------+-------+---------+---------+-------
